 Dungeon Crawl Stone Soup version 0.23-a0-712-g3a644c0 (console) character file.

8426 Duffy the Cleaver (level 11, -8/104 HPs)
             Began as a Naga Fighter on Jan 15, 2019.
             Was an Initiate of Gozag.
             Splashed by Maurice's acid (17 damage)
             ... on level 10 of the Dungeon.
             The game lasted 00:13:07 (12795 turns).

Duffy the Cleaver (Naga Fighter)                   Turns: 12795, Time: 00:13:07

Health: -8/104     AC: 12    Str: 21    XL:     11   Next: 30%
Magic:  13/13      EV:  4    Int: 10    God:    Gozag
Gold:   1723       SH: 11    Dex: 10    Spells: 10/10 levels left

rFire    . . .     SeeInvis +   n - +3 war axe (elec)
rCold    . . .     Gourm    .   c - +0 shield
rNeg     . . .     Faith    .   E - +0 plate armour
rPois    +         Spirit   .   z - +0 helmet
rElec    .         Reflect  .   D - +2 cloak
rCorr    .         Harm     .   u - +0 pair of gloves
MR       +....                  (no barding)
Stlth    ..........             (no amulet)
HPRegen  0.27/turn              (no ring)
MPRegen  0.13/turn              (no ring)

@: lethally poisoned (-8 -> -9), corroded, gold aura, very slow
A: large, see invisible, deformed body, poison resistance, slowness 2, slow
metabolism 1, spit poison 1, AC +3
a: Spit Poison, Potion Petition, Call Merchant, Bribe Branch, Renounce Religion


You were on level 10 of the Dungeon.
You worshipped Gozag.
Gozag was most pleased with you.
You were completely stuffed.

You visited 2 branches of the dungeon, and saw 11 of its levels.

You collected 1852 gold pieces.
You paid 129 gold pieces to Gozag.

Inventory:

Hand Weapons
 a - a +1 war axe
 j - a +0 blowgun
 n - a +3 war axe of electrocution (weapon)
 B - a +0 whip of electrocution
Missiles
 k - 2 curare-tipped needles
 s - a throwing net (quivered)
Armour
 c - a +0 shield (worn)
 u - a +0 pair of gloves (worn)
 z - a +0 helmet (worn)
 D - a +2 cloak (worn)
 E - a +0 plate armour (worn)
Jewellery
 m - an uncursed ring of ice
 C - an uncursed ring of fire
 G - an uncursed ring of ice
Wands
 b - a wand of enslavement (5)
 v - a wand of disintegration (6)
Scrolls
 f - 3 scrolls of immolation
 l - 7 scrolls of remove curse
 o - a scroll of fear
 q - 6 scrolls of teleportation
 w - 2 scrolls of enchant armour {unknown}
 x - 3 scrolls of random uselessness {unknown}
 y - a scroll of fog {unknown}
 A - a scroll of blinking {unknown}
 F - 2 scrolls of holy word {unknown}
Potions
 d - a potion of might
 e - a potion of agility {unknown}
 g - 2 potions of lignification {unknown}
 i - 4 potions of heal wounds
 p - 2 potions of invisibility
 r - 2 potions of brilliance {unknown}
 t - 2 potions of curing
Comestibles
 h - 19 rations


   Skills:
 + Level 8.3 Fighting
 - Level 10.0 Axes
 + Level 4.9 Armour
 - Level 9.0 Shields
 + Level 3.7 Evocations


You had 10 spell levels left.
You didn't know any spells.
Your spell library contained the following spells:

 Spells                   Type           Power        Failure   Level  Hunger
 Flame Tongue             Conj/Fire      #....        100%        1    ##.....
 Poisonous Vapours        Pois/Air       #.....       100%        2    ###....
 Throw Flame              Conj/Fire      #.....       100%        2    ###....
 Conjure Flame            Conj/Fire      #.......     100%        3    ####...
 Inner Flame              Hex/Fire       #.......     100%        3    ####...
 Mephitic Cloud           Conj/Pois/Air  #.......     100%        3    ####...
 Sticky Flame             Conj/Fire      #.......     100%        4    #####..
 Fireball                 Conj/Fire      #.........   100%        5    ######.
 Freezing Cloud           Conj/Ice/Air   #.........   100%        6    #######
 Ring of Flames           Chrm/Fire      #.........   100%        7    #######


Dungeon Overview and Level Annotations

Branches:
Dungeon (10/15)            Temple (1/1) D:6
   Lair: D:8-11         Orc: D:9-12

Altars:
Ashenzari
Cheibriados
Dithmenos
Elyvilon
Fedhas
Gozag
Hepliaklqana
Kikubaaqudgha
Makhleb
Nemelex Xobeh
Okawaru
Qazlal
Ru
Sif Muna
Trog
Uskayaw
Vehumet
Wu Jian
Xom
Yredelemnul
Zin
The Shining One

Shops:
D:4 =

Annotations:
D:3 1 runed door
D:10 Maurice


Innate Abilities, Weirdness & Mutations

You cannot wear boots.
Your serpentine skin is tough. (AC +3)
You have supernaturally acute eyesight. (SInv)
Armour fits poorly on your strangely shaped body.
Your system is resistant to poisons. (rPois)
You cover ground very slowly.
You have a slow metabolism.
You can spit poison.


Message History

You are too injured to fight recklessly!
You are too injured to fight recklessly!
You are too injured to fight recklessly!
You are too injured to fight recklessly!
You are too injured to fight recklessly!
You are too injured to fight recklessly!
You are too injured to fight recklessly!
You are too injured to fight recklessly!
You slash Maurice!
Maurice is moderately wounded.
Your plate armour prevents you from hitting the yak.
The yak gores you but does no damage.
Maurice zaps a wand.
The bolt of acid hits you!
You are splashed with acid!
The acid burns!
You closely miss Maurice.
Maurice is moderately wounded.
You slash the yak!
You feel sick. You block the yak's attack.
Maurice zaps a wand.
The bolt of acid hits you!
You are splashed with acid!
The acid burns!
You die...
Your body crumbles into a pile of gold.

### ### .( .).
#. ..# #.####..#
#... ...
#..##..##.#
#.....<(@Y#
##%.....$@<.....
#........#.....
#......#.# .#..
+......#.# ...
####.....# ..
###.#.. # #.#.#


You could see Maurice (invisible) and a yak.

Vanquished Creatures
  2 two-headed ogres
  An unseen horror (D:8)
  Pikel (D:6)
  7 yaks
  4 hogs (D:7)
  A human (D:7)
  A hungry ghost (D:8)
  3 slaves (D:6)
  4 orc warriors
  4 ice beasts
  A necrophage (D:6)
  The ghost of darkdagon605 the Skirmisher, an amateur DsAK of Lugonu (D:3)
  3 centaurs
  3 ogres
  2 big kobolds (D:6)
  11 bullfrogs
  A water moccasin zombie (D:9)
  2 scorpions
  6 killer bees
  A wight (D:6)
  2 bullfrog zombies
  2 crimson imps
  17 orc wizards
  A jelly (D:6)
  Crazy Yiuf (D:7)
  A bullfrog skeleton (D:5)
  5 hounds
  9 orc priests
  An iguana (D:6)
  2 centaur skeletons (D:6)
  7 worker ants
  2 hound zombies
  14 adders
  3 gnolls (D:7)
  A river rat (D:3)
  2 shadow imps
  An ooze (D:2)
  A worm (D:4)
  3 dart slugs
  4 leopard geckos
  29 orcs
  6 giant cockroaches
  11 goblins
  4 hobgoblins
  9 jackals
  16 kobolds
  5 quokkas
  7 bats
  2 frilled lizards
  A jackal skeleton (D:4)
  10 rats
238 creatures vanquished.

Vanquished Creatures (others)
  A slave (D:6)
1 creature vanquished.

Grand Total: 239 creatures vanquished

Notes
Turn   | Place    | Note
-------+----------+-------------------------------------------
     0 | D:1      | Duffy the Naga Fighter began the quest for the Orb.
     0 | D:1      | Reached XP level 1. HP: 21/21 MP: 1/1
   166 | D:1      | Reached XP level 2. HP: 26/28 MP: 2/2
   234 | D:2      | Reached XP level 3. HP: 9/34 MP: 3/3
   736 | D:3      | Found a faded altar of an unknown god.
   748 | D:3      | Reached skill level 3 in Axes
   748 | D:3      | Reached XP level 4. HP: 31/42 MP: 4/4
   900 | D:3      | Found an iron altar of Okawaru.
  1204 | D:3      | Found a runed door.
  1204 | D:3      | Noticed darkdagon605's ghost (amateur DsAK)
  1205 | D:3      | Noticed a bullfrog
  1215 | D:4      | Noticed an ogre
  1229 | D:4      | Killed an ogre
  1229 | D:4      | Reached skill level 4 in Axes
  1229 | D:4      | Reached XP level 5. HP: 26/49 MP: 5/5
  1404 | D:5      | Entered Level 5 of the Dungeon
  1519 | D:5      | Noticed an ice beast
  1537 | D:5      | Killed an ice beast
  1537 | D:5      | Reached XP level 6. HP: 10/56 MP: 6/6
  1811 | D:5      | Found an ancient bone altar of Kikubaaqudgha.
  1823 | D:5      | Found a stormy altar of Qazlal.
  1998 | D:4      | HP: 1/56 [orc priest/divine providence (12)]
  2313 | D:5      | Reached skill level 5 in Axes
  2852 | D:4      | Found a sparkling altar of Nemelex Xobeh.
  3044 | D:5      | Reached XP level 7. HP: 55/62 MP: 7/7
  3086 | D:6      | Found a staircase to the Ecumenical Temple.
  3095 | D:6      | Reached skill level 5 in Shields
  3112 | Temple   | Entered the Ecumenical Temple
  3769 | Temple   | Became a worshipper of Gozag Ym Sagoz the Greedy
  4274 | D:4      | Reached skill level 6 in Axes
  5472 | D:3      | Found a runed door.
  5963 | D:3      | Killed darkdagon605's ghost
  5963 | D:3      | Reached XP level 8. HP: 39/69 MP: 8/8
  6462 | D:4      | Found Lusul's Jewellery Emporium.
  7030 | D:6      | Reached skill level 7 in Axes
  7596 | D:6      | Reached skill level 8 in Axes
  7647 | D:6      | Reached XP level 9. HP: 68/75 MP: 9/9
  7804 | D:6      | Found a hazy altar of Hepliaklqana.
  8533 | D:6      | Noticed Pikel
  8545 | D:6      | Killed Pikel
  8545 | D:6      | Reached skill level 9 in Axes
 10307 | D:7      | Reached XP level 10. HP: 84/85 MP: 10/10
 10324 | D:7      | Found a runed door.
 10328 | D:7      | Noticed Crazy Yiuf
 10330 | D:7      | Killed Crazy Yiuf
 10470 | D:7      | Reached skill level 5 in Fighting
 11055 | D:8      | Noticed an unseen horror
 11074 | D:8      | Killed an unseen horror
 11227 | D:8      | Noticed a two-headed ogre
 11231 | D:8      | Killed a two-headed ogre
 11231 | D:8      | Reached skill level 10 in Axes
 11416 | D:8      | Reached skill level 1 in Evocations
 11805 | D:9      | Reached XP level 11. HP: 88/102 MP: 12/12
 12180 | D:9      | Noticed a two-headed ogre
 12189 | D:9      | Killed a two-headed ogre
 12493 | D:9      | Found a basalt altar of Yredelemnul.
 12772 | D:10     | Entered Level 10 of the Dungeon
 12780 | D:10     | Noticed Maurice
 12795 | D:10     | Splashed by Maurice's acid

Vault maps used:
D:1:      saegor_arrival_simple_e
D:3:      lemuel_doored_altar, chequers_ecumenical_altar_simple,
          ebering_ghost_sewer_f
D:4:      nemelex_altar_shiori, serial_shops, kennysheep_little_box,
          small_statue_intersection
D:5:      kiku_gazebo_pond_becter, grunt_qazlal_sundering, first_ration,
          minivault_23
D:6:      minmay_thinvault, kennysheep_mini_moat,
          minmay_temple_entry_mini_moons, uniq_pikel
D:7:      grunt_livestock, minivault_25, kennysheep_cross_room,
          uniq_crazy_yiuf_cottage
D:9:      old_standard_altar
D:10:     uniq_erolcha, uniq_maurice, uniq_grum, uniq_nergalle
Temple:   eino_temple_rhombus

Skill      XL: |  1  2  3  4  5  6  7  8  9 10 11 |
---------------+----------------------------------+-----
Shields        | 3 4 5 7 9 |  9.0
Axes           | 3 4 5 6 8 9 10 | 10.0
Fighting       | 7 8 |  8.3
Armour         | 4 |  4.9
Evocations     | 2 3 |  3.7

Action                   |  1- 3 |  4- 6 |  7- 9 | 10-12 || total
-------------------------+-------+-------+-------+-------++-------
Melee: War axe           |    48 |   140 |   526 |   197 ||   911
 Fire: Blowgun           |     2 |     1 |       |     1 ||     4
 Abil: Spit Poison       |     5 |     6 |       |     1 ||    12
Evoke: Wand              |       |       |       |     5 ||     5
  Use: Scroll            |       |       |     8 |     4 ||    12
 Stab: Distracted        |       |       |     2 |       ||     2
  Eat: Chunk             |       |     5 |     2 |       ||     7
       Ration            |       |       |     5 |     5 ||    10
Armor: Scale mail        |    22 |    45 |   199 |    16 ||   282
       Plate armour      |       |       |       |    60 ||    60
Dodge: Dodged            |    15 |    37 |   109 |    29 ||   190
Block: Shield            |    37 |    68 |   295 |   102 ||   502

Table legend:
 A = Non-vault XP
 B = Vault XP
 C = Vault XP percentage of total XP
 D = Non-vault monster count
 E = Vault monster count
 F = Vault count percentage of total count
                 A         B        C        D         E       F
            +---------+---------+-------+---------+---------+-------
      Total |    9633 |    2405 |  20.0 |     214 |      21 |   8.9
            +---------+---------+-------+---------+---------+-------
        D:1 |      53 |       0 |   0.0 |      21 |       0 |   0.0
        D:2 |      84 |       0 |   0.0 |      27 |       0 |   0.0
        D:3 |      99 |     224 |  69.3 |      19 |       4 |  17.4
        D:4 |     446 |       0 |   0.0 |      20 |       0 |   0.0
        D:5 |     433 |       0 |   0.0 |      10 |       0 |   0.0
        D:6 |    1549 |    1182 |  43.3 |      46 |      11 |  19.3
        D:7 |     870 |     999 |  53.5 |      23 |       6 |  20.7
        D:8 |    2849 |       0 |   0.0 |      21 |       0 |   0.0
        D:9 |    2355 |       0 |   0.0 |      19 |       0 |   0.0
       D:10 |     855 |       0 |   0.0 |       7 |       0 |   0.0
     Temple |      40 |       0 |   0.0 |       1 |       0 |   0.0
            +---------+---------+-------+---------+---------+-------
